 Dungeon Crawl Stone Soup version 0.28-a0-1447-ga5a8893891 (webtiles) character file.

Game seed: 1407390031708237334

533686 rogsnak the Annihilator (level 24, -26/188 HPs)
             Began as a Demonspawn Earth Elementalist on Jan 10, 2022.
             Was the Champion of Sif Muna.
             Annihilated by a golden dragon (44 damage)
             ... on level 4 of the Realm of Zot on Jan 11, 2022.
             The game lasted 03:53:47 (65587 turns).

rogsnak the Annihilator (DsEE)                     Turns: 65587, Time: 03:53:47

Health: -26/188    AC: 31    Str: 11    XL:     24   Next: 51%
Magic:  0/50       EV: 14    Int: 33    God:    Sif Muna [******]
Gold:   4347       SH: 10    Dex: 15    Spells: 20/69 levels left

rFire   . . .      SeeInvis +   F - staff of conjuration
rCold   + . .      Faith    .   B - +1 buckler "Upsyus" {rPois rCorr SInv}
rNeg    . . .      Spirit   +   s - +3 troll leather armour {Pargi}
rPois   +          Reflect  .   (helmet restricted)
rElec   .          Harm     .   g - +2 cloak {Will+}
rCorr   +          Rampage  .   (gloves unavailable)
Will    ++...      Archmagi +   (no boots)
Stlth   ++........              J - amulet of magic regeneration
HPRegen 1.21/turn               l - ring of the Mage {Wiz Archmagi}
MPRegen 1.04/turn               Y - ring of Keliuleg {Fly Int+8}

@: sanguine armoured, flying, studying Dodging
A: icemail 2, robust 2, magic shield, magic regeneration, sanguine armour 3,
condensation shield, demonic touch 3, antennae 1, cold resistance 1, poison
resistance
}: 3/15 runes: decaying, silver, gossamer
a: Renounce Religion, Channel Magic, Forget Spell, Divine Exegesis


You were on level 4 of the Realm of Zot.
You worshipped Sif Muna.
Sif Muna was exalted by your worship.
You visited 9 branches of the dungeon, and saw 47 of its levels.
You visited the Abyss 1 time.
You also visited: Trove, Sewer and Gauntlet.

You collected 8166 gold pieces.
You spent 3819 gold pieces at shops.

Inventory:

Hand Weapons
 T - a +1 demon blade of electrocution
Missiles
 f - 56 stones
Armour
 g - a +2 cloak of willpower (worn)
 o - a +2 robe of resistance
 s - a +3 troll leather armour (worn) {Pargi}
 t - an orb of energy
 A - the +4 ring mail of Old and Reckless {Fly rN+++ Str+2 Stlth-}
   (You found it on level 13 of the Dungeon)

   Str:       It affects your strength (+2).
   rN:        It renders you almost immune to negative energy.
   Fly:       It grants you flight.
   Stlth:     It makes you less stealthy.
 B - the +1 buckler "Upsyus" (worn) {rPois rCorr SInv}
   (You acquired it on level 1 of the Elven Halls)

   rPois:     It protects you from poison.
   SInv:      It lets you see invisible.
   rCorr:     It protects you from acid and corrosion.
 H - the +0 pair of boots of the Wild Haggis {Contam rPois rC+ Str+5}
   (You bought it in a shop on level 1 of the Depths)

   Str:       It affects your strength (+5).
   rC:        It protects you from cold.
   rPois:     It protects you from poison.
   Contam:    It causes magical contamination when unequipped.
Magical Staves
 F - a staff of conjuration (weapon)
Jewellery
 b - the ring "Moasipir" {rF+++ Str+6 Dex+4}
   (You found it in a Gauntlet)

   [ring of strength]

   Str:       It affects your strength (+6).
   Dex:       It affects your dexterity (+4).
   rF:        It renders you almost immune to fire.
 c - a ring of poison resistance
 d - the ring "Zung" {rN+ MP+9 Str+2}
   (You took it off a deep elf death mage on level 3 of the Elven Halls)

   [ring of magical power]

   Str:       It affects your strength (+2).
   rN:        It protects you from negative energy.
   MP:        It affects your magic capacity (+9).
 j - the ring "Joroa" {Ice Dex+6 Stlth-}
   (You found it in a treasure trove)

   [ring of ice]

   It enhances your ice magic.
   Dex:       It affects your dexterity (+6).
   rF:        It makes you vulnerable to fire.
   rC:        It protects you from cold.
   Stlth:     It makes you less stealthy.
 l - the ring of the Mage (left hand) {Wiz Archmagi}
   (You bought it in a shop on level 5 of the Vaults)

   [ring of wizardry]

   It improves your spell success rate.
   Archmagi:  It increases the power of your magical spells.
 z - a ring of protection from cold
 J - an amulet of magic regeneration (around neck)
 N - the amulet of Vitality {Regen+ HP+15}
   (You found it on level 7 of the Dungeon)

   [amulet of regeneration]

   HP:        It affects your health (+15).
   Regen:     It increases your rate of health regeneration.
 O - the amulet of the Four Winds {rN+ Will+++ Clar}
   (You took it off a deep elf death mage on level 3 of the Elven Halls)

   [amulet of nothing]

   rN:        It protects you from negative energy.
   Clar:      It protects you against confusion.
   Will:      It greatly increases your willpower.
 Y - the ring of Keliuleg (right hand) {Fly Int+8}
   (You acquired it on level 11 of the Dungeon)

   [ring of flight]

   Int:       It affects your intelligence (+8).
   Fly:       It grants you flight.
Wands
 n - a wand of mindburst (17)
 q - a wand of acid (8)
 x - a wand of digging (28)
 y - a wand of iceblast (16)
 I - a wand of charming (17)
Scrolls
 i - 5 scrolls of immolation
 u - 5 scrolls of blinking
 v - 23 scrolls of teleportation
 w - 14 scrolls of magic mapping
 C - 6 scrolls of enchant weapon
 E - a scroll of identify
 P - 2 scrolls of fog
 R - 3 scrolls of fear
 U - a scroll of amnesia
 V - 3 scrolls of summoning
Potions
 a - 2 potions of brilliance
 e - 12 potions of curing
 h - 3 potions of might
 k - 7 potions of resistance
 m - 3 potions of cancellation
 p - 5 potions of ambrosia
 r - 3 potions of mutation
 D - 9 potions of flight
 G - 5 potions of heal wounds
 L - 4 potions of berserk rage
 Q - 4 potions of haste
 S - 7 potions of magic
 X - 4 potions of invisibility
Miscellaneous
 K - a tin of tremorstones (2/2)
 Z - a phantom mirror


   Skills:
 + Level 5.6 Fighting
 - Level 1.6 Short Blades
 + Level 1.0 Polearms
 + Level 6.8 Armour
 + Level 7.4 Dodging
 - Level 2.0 Stealth
 + Level 4.7 Shields
 + Level 23.0 Spellcasting
 O Level 27 Conjurations
 + Level 5.7 Summonings
 + Level 0.2 Necromancy
 + Level 0.5 Translocations
 - Level 0.8 Transmutations
 - Level 7.0 Fire Magic
 + Level 2.8 Air Magic
 * Level 18.7 Earth Magic
 - Level 2.0 Invocations
 - Level 7.0 Evocations


You had 20 spell levels left.
You knew the following spells:

 Your Spells              Type           Power      Damage    Failure   Level
a - Shock                 Conj/Air       100%       1d9       0%          1
b - Stone Arrow           Conj/Erth      100%       3d13      0%          3
c - Iskenderun's Battles  Conj           100%       2d15      0%          5
d - Fireball              Conj/Fire      73%        3d27      1%          5
e - Iron Shot             Conj/Erth      81%        9d15      0%          6
f - Lee's Rapid Deconstr  Erth           63%        3d30*     0%          5
g - Starburst             Conj/Fire      73%        6d19      1%          6
h - Leda's Liquefaction   Hex/Erth       49%        N/A       1%          4
i - Borgnjor's Vile Clut  Necr/Erth      50%        N/A       1%          5
j - Spellforged Servitor  Conj/Summ      73%        N/A       1%          7
k - Blink                 Tloc           100%       N/A       1%          2

Your spell library contained the following spells:

 Spells                   Type           Power      Damage    Failure   Level
 Foxfire                  Conj/Fire      100%       2x1d9     0%          1
 Magic Dart               Conj           100%       1d8       0%          1
 Sandblast                Erth           100%       2d20      0%          1
 Searing Ray              Conj           100%       2d8       0%          2
 Static Discharge         Conj/Air       100%       N/A       0%          2
 Conjure Flame            Conj/Fire      100%       6-21      0%          3
 Dazzling Flash           Conj/Hex       100%       N/A       0%          3
 Flame Wave               Conj/Fire      100%       2d14      0%          4
 Sticky Flame             Conj/Fire      100%       2d11      0%          4
 Orb of Destruction       Conj           85%        9d20      0%          7
 Animate Skeleton         Necr           100%       N/A       1%          1
 Apportation              Tloc           100%       N/A       1%          1
 Beastly Appendage        Tmut           100%       N/A       1%          1
 Pain                     Necr           100%       1d9       1%          1
 Slow                     Hex            100%       N/A       1%          1
 Sting                    Tmut/Pois      100%       1d8       1%          1
 Summon Small Mammal      Summ           100%       N/A       1%          1
 Call Imp                 Summ           85%        N/A       1%          2
 Corpse Rot               Necr/Air       100%       N/A       1%          2
 Ensorcelled Hibernation  Hex/Ice        100%       N/A       1%          2
 Passwall                 Tmut/Erth      84%        N/A       1%          2
 Poisonous Vapours        Pois/Air       100%       N/A       1%          2
 Scorch                   Fire           100%       2d10      1%          2
 Sublimation of Blood     Necr           56%        N/A       1%          2
 Wereblood                Tmut           60%        N/A       1%          2
 Call Canine Familiar     Summ           85%        N/A       1%          3
 Confusing Touch          Hex            54%        N/A       1%          3
 Frozen Ramparts          Ice            100%       1d12      1%          3
 Gell's Gravitas          Tloc           58%        N/A       1%          3
 Ignite Poison            Fire/Tmut/Pois 70%        N/A       1%          3
 Inner Flame              Hex/Fire       75%        N/A       1%          3
 Lesser Beckoning         Tloc           58%        N/A       1%          3
 Mephitic Cloud           Conj/Pois/Air  100%       N/A       1%          3
 Ozocubu's Armour         Ice            54%        N/A       1%          3
 Portal Projectile        Hex/Tloc       100%       N/A       1%          3
 Spider Form              Tmut/Pois      57%        N/A       1%          3
 Summon Guardian Golem    Hex/Summ       71%        N/A       1%          3
 Swiftness                Air            71%        N/A       1%          3
 Teleport Other           Tloc           58%        N/A       1%          3
 Tukima's Dance           Hex            54%        N/A       1%          3
 Vampiric Draining        Necr           56%        2d10      1%          3
 Airstrike                Air            35%        N/A       1%          4
 Animate Armour           Summ/Erth      100%       N/A       1%          4
 Fulminant Prism          Conj/Hex       68%        3d28      1%          4
 Hailstorm                Conj/Ice       100%       3d20      1%          4
 Iskenderun's Mystic Bla  Conj/Tloc      100%       2d19      1%          4
 Petrify                  Tmut/Erth      100%       N/A       1%          4
 Summon Ice Beast         Ice/Summ       71%        N/A       1%          4
 Summon Lightning Spire   Summ/Air       79%        N/A       1%          4
 Freezing Cloud           Conj/Ice/Air   62%        6-21      1%          5
 Irradiate                Conj/Tmut      69%        3d36      1%          5
 Lightning Bolt           Conj/Air       70%        1d95      1%          5
 Conjure Ball Lightning   Conj/Air       70%        3x3d26    1%          6
 Statue Form              Tmut/Erth      67%        N/A       1%          6
 Lehudib's Crystal Spear  Conj/Erth      81%        10d18     1%          8
 Anguish                  Hex/Necr       27%        N/A       4%          4
 Animate Dead             Necr           28%        N/A       4%          4
 Cause Fear               Hex            27%        N/A       4%          4
 Dispel Undead            Necr           56%        3d20      4%          4
 Ice Form                 Ice/Tmut       57%        N/A       4%          4
 Olgreb's Toxic Radiance  Pois           54%        N/A       4%          4
 Passage of Golubria      Tloc           58%        N/A       4%          4
 Summon Forest            Summ/Tloc      36%        N/A       4%          5
 Summon Mana Viper        Hex/Summ       71%        N/A       4%          5
 Silence                  Hex/Air        31%        N/A       8%          5
 Summon Cactus Giant      Summ           42%        N/A       8%          6
 Blade Hands              Tmut           30%        N/A       10%         5
 Alistair's Intoxication  Tmut/Pois      38%        N/A       12%         5
 Manifold Assault         Tloc           58%        N/A       12%         5
 Yara's Violent Unravell  Hex/Tmut       28%        3d12      12%         5
 Agony                    Necr           56%        N/A       13%         5
 Excruciating Wounds      Necr           28%        N/A       13%         5
 Metabolic Englaciation   Hex/Ice        27%        N/A       14%         5
 Shatter                  Erth           63%        3d47*     24%         9
 Monstrous Menagerie      Summ           42%        N/A       36%         7
 Summon Hydra             Summ           42%        N/A       36%         7
 Fire Storm               Conj/Fire      73%        8d19      41%         9
 Dispersal                Tloc           29%        N/A       50%         6
 Eringya's Noxious Bog    Tmut/Pois      28%        N/A       52%         6
 Death Channel            Necr           28%        N/A       54%         6
 Simulacrum               Ice/Necr       27%        N/A       56%         6
 Chain Lightning          Conj/Air       70%        3d94      69%         9
 Malign Gateway           Summ/Tloc      36%        N/A       71%         7
 Haunt                    Necr/Summ      36%        N/A       73%         7
 Storm Form               Tmut/Air       33%        N/A       86%         7
 Ignition                 Fire           45%        3d13      86%         8
 Dragon Form              Tmut           30%        N/A       95%         7
 Enfeeble                 Hex            27%        N/A       98%         7
 Ozocubu's Refrigeration  Ice            27%        4d10      98%         7
 Borgnjor's Revivificati  Necr           28%        N/A       100%        8
 Discord                  Hex            27%        N/A       100%        8
 Disjunction              Tloc           29%        N/A       100%        8
 Maxwell's Capacitive Co  Air            35%        ∞         100%        8
 Dragon's Call            Summ           42%        N/A       100%        9
 Polar Vortex             Ice            27%        N/A       100%        9


Dungeon Overview and Level Annotations

Branches:
Dungeon (15/15)            Temple (0/1) D:5            Lair (6/6) D:10
  Swamp (4/4) Lair:2       Spider (4/4) Lair:4        Slime (0/5) Lair:6
    Orc (2/2) D:12            Elf (3/3) Orc:2        Vaults (5/5) D:13
  Crypt (0/3) Vaults:3     Depths (4/4) D:15            Zot (4/5) Depths:4
  Sewer (visited)         Gauntlet (visited)

Altars:
Ashenzari
Elyvilon
Gozag
Kikubaaqudgha
Nemelex Xobeh
Okawaru
Qazlal
Sif Muna
Uskayaw
Wu Jian
Xom
Yredelemnul
The Shining One
Jiyva
Lugonu

Shops:
D:1 (   D:5 *   D:11 (   D:14 *   Orc:1 ?   Orc:2 ([*:   Elf:1 *[?[   Elf:2 =
Vaults:2 [   Vaults:5 !!=!!=(=   Depths:1 :[[(   Depths:2 :

Portals:
Hell: Depths:1 Depths:2 Depths:3 Depths:4
Abyss: Lair:6 Depths:3
Pandemonium: Depths:2 Depths:4
Ziggurat: Depths:4

Annotations:
D:4 3 runed translucent doors, AverageBear's ghost, amateur DsGl
Zot:2 2 transporters, exclusion: 3 orange crystal statues, Robrejig's ghost, legendary DsFi; Ytolar's ghost, legendary DsFi


Innate Abilities, Weirdness & Mutations

A meltable icy envelope protects you from harm. (AC +8)
You are very robust. (+20% HP)
When hurt, damage is shared between your health and your magic reserves.
You regenerate magic rapidly.
When seriously injured, your blood forms very thick armour. (AC +12)
A meltable shield of frost defends you. (SH +4)
Your touch may irresistibly damage your foes and sap their willpower.
You have a pair of small antennae on your head.
Your flesh is cold resistant. (rC+)
Your system is resistant to poisons. (rPois)


Message History

Casting: Iron Shot (safe; 0% risk of failure)
Confirm with . or Enter, or press ? or * to list all spells.
You don't have enough magic to cast this spell.
Unknown command.
Unknown command.
Casting: Iron Shot (safe; 0% risk of failure)
Confirm with . or Enter, or press ? or * to list all spells.
You don't know that spell.
Unknown command.
Casting: Iron Shot (safe; 0% risk of failure)
Confirm with . or Enter, or press ? or * to list all spells.
Aiming: Shock (safe; 0% risk of failure)
Press: ? - help, Shift-Dir - straight line, f/p - golden dragon
Aim: a golden dragon (severely wounded, berserk, ally target, 84% to hit)
You feel a strong surge of power!
The zap misses the golden dragon.
The zap hits the golden dragon but does no damage.
The golden dragon is severely wounded.
Your battlesphere fires!
The barrage of energy hits the golden dragon!
The golden dragon is severely wounded.
The golden dragon misses you.
The golden dragon completely misses you.
The golden dragon tramples you.
You hold your ground!
Unknown command.
Unknown command.
The golden dragon bites you!!!
* * * LOW HITPOINT WARNING * * *
The golden dragon misses you. The golden dragon tramples you!
* * * LOW HITPOINT WARNING * * *
You are shoved backwards!
The golden dragon bites you!
* * * LOW HITPOINT WARNING * * *
The golden dragon claws you.
* * * LOW HITPOINT WARNING * * *
You block the golden dragon's attack.
Unknown command.
Press: ? - help, v - describe, . - travel
Here: a golden dragon (severely wounded, berserk, ally target)
The floor.
The golden dragon bites you!!!
You die...

....##
#....#
#....#
#.... #...#
#...#
#######...#
.......@..#
.......D..#
..........#
######....#
#.<*.#
##...#
....#
#....#
#....#


You could see a golden dragon (berserk, ally target) and a friendly
battlesphere.

Vanquished Creatures
  A dread lich (Vaults:5)
  An ancient lich (Vaults:5)
  Bai Suzhen (Vaults:4)
  Boris (Vaults:4)
  A curse toe (Zot:2)
  5 golden dragons
  An electric golem (Zot:3)
  11 tentacled monstrosities
  2 quicksilver dragons
  4 titans (Vaults:5)
  4 deep elf blademasters
  4 deep elf master archers (Elf:3)
  A death cob (Zot:3)
  Gastronok (Lair:3)
  An ancient champion (Vaults:3)
  4 sphinxes
  8 shadow dragons
  Donald (Spider:1)
  Agnes (D:14)
  A daeva (Depths:3)
  6 storm dragons
  A tengu reaver (Vaults:5)
  2 thorn hunters
  3 draconian monks
  Roxanne (Spider:3)
  2 fire giants (Vaults:5)
  3 draconian knights
  7 frost giants
  4 draconian shifters
  7 deep elf sorcerers
  3 iron dragons (Vaults:5)
  A cacodemon (Depths:2)
  5 ghost moths
  A draconian scorcher (Zot:3)
  3 spectral caustic shrikes (Depths:3)
  2 orc warlords
  21 vault wardens
  Louise (Swamp:2)
  5 emperor scorpions
  5 deep elf elementalists (Elf:3)
  5 draconian annihilators
  8 very ugly things
  2 ironbound thunderhulks
  2 war gargoyles
  10 ironbound preservers
  8 stone giants
  2 broodmothers (Spider:4)
  2 vampire knights
  7 green draconians
  The ghost of Pesafeac the Covert, a journeyman OpCj of Vehumet (D:14)
  4 deep elf demonologists (Elf:3)
  Nessos (D:14)
  11 white draconians
  A minotaur (Gauntlet)
  2 eleionomae
  7 purple draconians
  3 deep elf annihilators
  6 black draconians
  6 bunyips
  A dire elephant (Vaults:3)
  4 entropy weavers
  5 yellow draconians
  4 spark wasps
  7 red draconians
  Snorg (D:14)
  A merfolk impaler (Depths:3)
  6 crystal guardians
  19 ettins
  5 fire dragons
  A fire dragon (shapeshifter) (Depths:4)
  10 deep elf death magi
  2 jiangshi (Vaults:3)
  7 ice dragons
  13 yaktaur captains
  6 deep elf high priests
  2 shambling mangroves
  2 great orbs of eyes
  4 rakshasas
  12 boulder beetles
  2 ghost crabs (Swamp:4)
  A catoblepas (Lair:5)
  2 ogre magi (D:15)
  22 hydras
  7 peacekeepers
  34 vault guards
  4 ironbound frosthearts
  A radroach (shapeshifter) (Lair:6)
  A jorogumo (Spider:1)
  3 spriggan air magi
  8 alligators
  9 centaur warriors
  27 dancing weapons
  2 radroaches (Spider:4)
  9 death yaks
  9 two-headed ogres
  4 deep troll shamans
  8 death scarabs (Spider:4)
  5 spriggan berserkers
  7 tengu warriors
  A spectral emperor scorpion (Spider:4)
  4 orc high priests
  5 deep troll earth magi
  4 thrashing horrors (Lair:6)
  A soul eater (Depths:2)
  Urug (Lair:4)
  A sun demon (Depths:2)
  12 hell knights
  Sonja (Lair:3)
  16 deep elf knights
  2 sixfirhies
  3 iron trolls
  2 sun moths
  5 pharaoh ants
  A wretched star (Abyss:2)
  5 spriggan druids
  9 orb spiders
  6 steelbarb worms
  3 glowing orange brains
  A glowing orange brain (shapeshifter) (Depths:2)
  3 swamp dragons
  2 flayed ghosts
  A death drake (shapeshifter) (Vaults:5)
  An orb spider (shapeshifter) (D:15)
  A goliath frog (Swamp:4)
  An orange crystal statue (Vaults:3)
  9 wizards
  4 lindwurms
  14 deep elf archers
  3 necromancers
  36 deep trolls
  7 phantasmal warriors
  30 deep elf pyromancers
  6 orc knights
  5 spectral wolf spiders (Spider:4)
  5 bog bodies
  24 ironbound convokers
  26 deep elf zephyrmancers
  A harpy (Vaults:1)
  18 wolf spiders
  2 will-o-the-wisps
  30 ugly things
  An oklob plant (Gauntlet)
  12 orc sorcerers
  2 manticores
  A faun (shapeshifter) (Depths:3)
  15 moths of wrath
  7 cyclopes
  An elephant (Lair:6)
  A worldbinder (Abyss:2)
  A rust devil (Depths:2)
  13 vault sentinels
  4 black mambas
  9 torpor snails
  A water nymph (shapeshifter) (Vaults:5)
  20 cane toads
  An unseen horror (shapeshifter) (D:14)
  A gargoyle (D:13)
  6 rime drakes
  2 orange demons
  An unseen horror (D:13)
  A nameless horror (Vaults:4)
  4 freezing wraiths (Swamp:4)
  6 smoke demons
  10 kobold demonologists
  5 tengu conjurers
  8 komodo dragons
  An ice devil (Depths:2)
  An efreet (D:15)
  3 spectral redbacks (Spider:4)
  7 demonic crawlers
  47 yaktaurs
  3 redback zombies (Spider:4)
  A hellwing (Depths:4)
  2 ancient zymes
  4 bloated husks
  21 meliai
  41 tarantellas
  2 polar bears
  3 spectral tarantellas (Spider:4)
  Prince Ribbit (D:6)
  8 trolls
  33 slime creatures
  10 tyrant leeches
  27 blink frogs
  3 spectral jumping spiders (Spider:4)
  A tarantella (shapeshifter) (Depths:4)
  16 dream sheep
  A jumping spider zombie (Spider:4)
  20 hornets
  2 large abominations
  35 jumping spiders
  4 air elementals
  3 shadows
  4 ynoxinuls
  3 wraiths
  21 culicivoras
  13 spriggans
  8 water elementals
  A vampire (D:11)
  8 humans (D:13)
  8 wyverns
  3 fire elementals
  36 yaks
  11 small abominations (Lair:6)
  6 basilisks
  A human (shapeshifter) (D:13)
  4 chaos spawn
  64 redbacks
  15 vampire mosquitoes
  5 swamp worm simulacra (Swamp:4)
  7 wargs
  Edmund (D:5)
  18 swamp worms
  2 acid dragons (Gauntlet)
  22 water moccasins
  A floating eye (shapeshifter) (Vaults:5)
  15 hydra simulacra (Swamp:4)
  2 spectral hornets (Spider:4)
  A swamp drake (Swamp:3)
  50 orc warriors
  Pargi (Sewer)
  5 black bears
  2 ice beasts
  A meliai simulacrum (D:10)
  2 necrophages
  6 boggarts
  17 wolves
  13 ogres
  An ogre (shapeshifter) (D:15)
  8 centaurs
  7 kobold brigands
  12 bullfrogs
  5 gnoll sergeants
  A scorpion (D:6)
  3 earth elementals
  6 killer bees
  3 electric eels
  4 howler monkeys
  A crimson imp (D:4)
  A bullfrog zombie (D:7)
  5 centaur zombies
  A hound (D:5)
  8 jellies
  39 orc priests
  Jessica (D:2)
  Ijyb (D:3)
  7 iguanas
  32 orc wizards
  A scorpion zombie (D:4)
  A killer bee zombie (D:9)
  3 hound skeletons
  2 howler monkey zombies
  6 adders
  32 gnolls
  A shadow imp (D:7)
  A white imp (Gauntlet)
  An ufetubus (D:7)
  3 swamp drake simulacra (Swamp:4)
  An adder zombie (D:4)
  3 worms
  3 dart slugs
  109 orcs
  6 bats
  9 endoplasms
  8 giant cockroaches
  6 goblins
  10 hobgoblins
  7 quokkas
  4 ball pythons
  7 frilled lizards
  2 goblin zombies (D:4)
  4 hobgoblin zombies (D:4)
  22 kobolds
  2 orc skeletons (D:4)
  An orc zombie (D:4)
  5 rats
  8 briar patches
  A bush (Lair:4)
  A plant (Depths:4)
2040 creatures vanquished.

Vanquished Creatures (collateral kills)
  Saint Roka (Depths:3)
  3 golden dragons
  2 titans (Vaults:5)
  A deep elf blademaster (Depths:2)
  A quicksilver dragon (Zot:3)
  2 death cobs
  A draconian monk (Zot:1)
  A tengu reaver (Vaults:5)
  A storm dragon (Vaults:5)
  A fire giant (Depths:4)
  4 vault wardens
  4 draconian scorchers
  2 iron dragons
  A draconian annihilator (Zot:1)
  A draconian shifter (Zot:2)
  4 ironbound preservers
  3 very ugly things (Depths:3)
  2 stone giants (Vaults:5)
  3 green draconians (Zot:2)
  A deep elf annihilator (Vaults:5)
  3 black draconians
  3 red draconians
  A spark wasp (Depths:1)
  2 dire elephants (Vaults:3)
  2 purple draconians
  2 yellow draconians
  A deep elf death mage (Vaults:5)
  2 fire dragons
  4 ettins
  2 yaktaur captains
  2 great orbs of eyes
  A rakshasa (Depths:2)
  2 ice dragons (Depths:4)
  2 deep troll shamans (Depths:4)
  A deep troll earth mage (Depths:3)
  2 spriggan berserkers
  A tengu warrior (Depths:1)
  2 hell knights (Depths:2)
  2 iron trolls
  9 deep trolls
  A lindwurm (Vaults:3)
  2 ironbound convokers
  A deep elf zephyrmancer (Vaults:5)
  A wolf spider (Vaults:5)
  4 moths of wrath
  5 ugly things
  A yaktaur (Vaults:4)
  A troll (Depths:3)
  A hornet (Vaults:5)
  2 orc warriors (Depths:3)
  An orc wizard (Depths:3)
  An orc (Depths:3)
106 creatures vanquished.

Vanquished Creatures (others)
  A ghost moth (Zot:1)
  An ironbound convoker (Vaults:4)
  A hornet (Swamp:3)
  A swamp worm (Swamp:4)
  2 humans
  6 briar patches
  15 demonic plants (Gauntlet)
  38 fungi
  79 plants
144 creatures vanquished.

Grand Total: 2290 creatures vanquished

Notes
Turn   | Place    | Note
-------+----------+-------------------------------------------
     0 | D:1      | rogsnak the Demonspawn Earth Elementalist began the quest
                  | for the Orb.
     0 | D:1      | Reached XP level 1. HP: 13/13 MP: 3/3
     1 | D:1      | Noticed an electric eel
   624 | D:1      | Gained mutation: Your touch may inflict minor irresistible
                  | damage on your foes. [demonic ancestry]
   624 | D:1      | Reached XP level 2. HP: 13/19 MP: 5/5
  1073 | D:1      | Found Vifoekit's Weapon Shop.
  1350 | D:1      | Reached skill level 1 in Short Blades
  1584 | D:2      | Gained mutation: When seriously injured, your blood forms
                  | armour. (AC +12) [demonic ancestry]
  1584 | D:2      | Reached XP level 3. HP: 14/25 MP: 6/6
  1987 | D:2      | Found a faded altar of an unknown god.
  1989 | D:2      | Noticed Jessica
  2004 | D:2      | Killed Jessica
  2022 | D:2      | Learned a level 3 spell: Stone Arrow
  2432 | D:3      | You fall into a shaft and drop 3 floors!
  2432 | D:6      | Noticed a bullfrog
  2440 | D:6      | Killed a bullfrog
  2441 | D:6      | Reached skill level 1 in Fighting
  2441 | D:6      | Reached skill level 1 in Conjurations
  2441 | D:6      | Reached XP level 4. HP: 17/32 MP: 3/7
  2466 | D:6      | Noticed a scorpion
  2635 | D:6      | Found a glowing drain.
  2691 | Sewer    | Entered a sewer
  2732 | Sewer    | Gained mutation: A meltable shield of frost defends you.
                  | (SH +4) [demonic ancestry]
  2732 | Sewer    | Reached XP level 5. HP: 37/37 MP: 8/8
  2829 | Sewer    | Noticed Pargi
  2833 | Sewer    | Killed Pargi
  2978 | D:6      | Noticed a centaur
  2985 | D:6      | Reached skill level 2 in Conjurations
  2985 | D:6      | Reached XP level 6. HP: 44/44 MP: 8/10
  2987 | D:6      | Noticed a water moccasin
  2996 | D:5      | Entered Level 5 of the Dungeon
  3547 | D:3      | Gained mutation: When seriously injured, your blood forms
                  | thick armour. (AC +12) [demonic ancestry]
  3547 | D:3      | Reached XP level 7. HP: 46/51 MP: 11/11
  3626 | D:3      | Reached skill level 3 in Conjurations
  3848 | D:3      | Noticed Ijyb
  3890 | D:3      | Killed Ijyb
  4314 | D:3      | Reached skill level 1 in Armour
  4526 | D:4      | Found a runed translucent gate.
  4526 | D:4      | Found a runed translucent gate.
  4526 | D:4      | Found a runed translucent gate.
  4526 | D:4      | Noticed AverageBear's ghost (amateur DsGl)
  4528 | D:4      | Found a basalt altar of Yredelemnul.
  4655 | D:4      | Found an opulent altar of Gozag.
  4772 | D:4      | Found a shimmering blue altar of Sif Muna.
  4775 | D:4      | Became a worshipper of Sif Muna the Loreminder
  4873 | D:4      | Reached skill level 1 in Shields
  4873 | D:4      | Reached XP level 8. HP: 38/58 MP: 1/13
  5103 | D:5      | Found Seacaec's Neck Hole.
  5392 | D:5      | Reached skill level 4 in Conjurations
  5463 | D:5      | Found a broken altar of Ashenzari.
  5466 | D:5      | Noticed Edmund
  5483 | D:5      | Found a staircase to the Ecumenical Temple.
  5598 | D:5      | Killed Edmund
  5894 | D:5      | Found a sparkling altar of Nemelex Xobeh.
  6354 | D:6      | Noticed Prince Ribbit
  6531 | D:6      | Killed Prince Ribbit
  6532 | D:6      | Reached skill level 5 in Conjurations
  7087 | D:6      | Reached * piety under Sif Muna
  7088 | D:6      | Gained mutation: Your touch may inflict irresistible damage
                  | on your foes. [demonic ancestry]
  7088 | D:6      | Reached XP level 9. HP: 65/65 MP: 6/16
  7226 | D:6      | Reached skill level 5 in Earth Magic
  7364 | D:6      | Found an ancient bone altar of Kikubaaqudgha.
  7633 | D:7      | Found a hide-covered altar of Uskayaw.
  7634 | D:7      | Found an ornate altar of the Wu Jian Council.
  7696 | D:7      | Reached skill level 5 in Spellcasting
  7925 | D:7      | Noticed a deep troll
  7926 | D:7      | Found the amulet of Vitality {Regen+ HP+15}
  7931 | D:7      | Killed a deep troll
  7932 | D:7      | Reached skill level 6 in Conjurations
  8216 | D:7      | Found an iron altar of Okawaru.
  8434 | D:7      | Reached skill level 7 in Conjurations
  9118 | D:8      | Learned a level 5 spell: Iskenderun's Battlesphere
  9124 | D:8      | Learned a level 5 spell: Fireball
  9234 | D:8      | Found a stormy altar of Qazlal.
  9245 | D:8      | Reached ** piety under Sif Muna
  9718 | D:8      | Reached XP level 10. HP: 71/71 MP: 14/19
 10142 | D:9      | Reached skill level 8 in Conjurations
 10462 | D:9      | Noticed a deep elf pyromancer
 10595 | D:9      | Killed a deep elf pyromancer
 11111 | D:10     | Entered Level 10 of the Dungeon
 11119 | D:10     | Reached skill level 9 in Conjurations
 11189 | D:10     | Reached *** piety under Sif Muna
 11356 | D:10     | Found a staircase to the Lair.
 11653 | D:10     | Reached skill level 10 in Conjurations
 11782 | D:10     | Reached XP level 11. HP: 77/77 MP: 20/23
 12642 | D:10     | Noticed a sun demon
 12760 | D:10     | Reached **** piety under Sif Muna
 13352 | D:11     | Identified 2 scrolls of acquirement
 13352 | D:11     | Acquired the ring of Keliuleg {Fly Int+8}
 13354 | D:11     | Acquired the +2 pair of gloves of Emeaj Ysch {rPois}
 13515 | D:11     | Found Ogryasil's Antique Weapon Shoppe.
 13547 | D:11     | Found a gate leading to a gauntlet.
 13562 | Gauntlet | Entered a Gauntlet
 13562 | Gauntlet | Found a transporter.
 13562 | Gauntlet | Found a transporter.
 13563 | Gauntlet | Noticed a white ugly thing
 13563 | Gauntlet | Noticed a great orb of eyes
 13564 | Gauntlet | Found a transporter.
 13564 | Gauntlet | Noticed a wizard
 13566 | Gauntlet | Found a transporter.
 13573 | Gauntlet | Noticed a hell beast
 13576 | Gauntlet | Found a transporter.
 13641 | Gauntlet | Found a transporter.
 13655 | Gauntlet | Found a transporter.
 13666 | Gauntlet | Found a transporter.
 13681 | Gauntlet | Found a transporter.
 13683 | Gauntlet | Noticed an oklob plant
 13694 | Gauntlet | Found a transporter.
 13701 | Gauntlet | Found a transporter.
 13723 | Gauntlet | Found a transporter.
 13888 | Gauntlet | Cast into level 2 of the Abyss (a wizard)
 14023 | Abyss:2  | Noticed a starcursed mass
 14025 | Abyss:2  | Noticed a starcursed mass
 14079 | Abyss:2  | Noticed a thrashing horror
 14137 | Abyss:2  | Noticed a starcursed mass
 14165 | Abyss:2  | Noticed a rakshasa
 14173 | Abyss:2  | Killed a rakshasa
 14177 | Abyss:2  | Noticed a jiangshi
 14179 | Abyss:2  | Noticed a starcursed mass
 14179 | Abyss:2  | Noticed a jiangshi
 14260 | Abyss:2  | Noticed a sixfirhy
 14266 | Abyss:2  | Killed a sixfirhy
 14278 | Abyss:2  | Noticed a wretched star
 14296 | Abyss:2  | Killed a wretched star
 14436 | Abyss:2  | Noticed a hell knight
 14436 | Abyss:2  | Noticed a dread lich
 14483 | Gauntlet | Escaped the Abyss
 14487 | Gauntlet | Killed a wizard
 14488 | Gauntlet | Reached skill level 11 in Conjurations
 14495 | Gauntlet | Identified the ring "Moasipir" {rF+++ Str+6 Dex+4}
 14621 | Gauntlet | Reached skill level 1 in Evocations
 14841 | Gauntlet | Killed an oklob plant
 14842 | Gauntlet | Reached skill level 5 in Dodging
 15021 | Gauntlet | Identified the +1 hand axe "Letepena" {holy, rPois rC++
                  | Will- rCorr}
 15021 | Gauntlet | Noticed a minotaur
 15032 | Gauntlet | Killed a minotaur
 15033 | Gauntlet | Reached skill level 1 in Polearms
 15075 | Gauntlet | Got Byam's Reference Book on the Frigorific Entourage
 15433 | D:11     | Identified the -2 buckler "Piczen" {+Inv rC+}
 15655 | D:11     | Got the Almanac of Quantum Lightness
 15679 | D:11     | Gained mutation: When seriously injured, your blood forms
                  | very thick armour. (AC +12) [demonic ancestry]
 15679 | D:11     | Reached XP level 12. HP: 83/83 MP: 6/25
 16339 | D:12     | Noticed a boulder beetle
 16353 | D:12     | Killed a boulder beetle
 16354 | D:12     | Reached skill level 12 in Conjurations
 16714 | D:12     | Found a staircase to the Orcish Mines.
 17153 | D:12     | Identified the +1 scale mail of Anwugug {Harm rC+++ Will+
                  | Slay-5}
 17322 | D:13     | Noticed a centaur warrior
 17353 | Orc:1    | Entered Level 1 of the Orcish Mines
 17353 | Orc:1    | Noticed an orc warlord
 17433 | Lair:1   | Entered Level 1 of the Lair of Beasts
 17593 | Lair:1   | Reached ***** piety under Sif Muna
 17686 | Lair:1   | Received a gift from Sif Muna
 17689 | Lair:1   | Got Sif Muna's Tome of Combat Magic and Intoxication {god
                  | gift}
 17697 | Lair:1   | Learned a level 6 spell: Iron Shot
 17971 | Lair:1   | Reached skill level 10 in Spellcasting
 18246 | Lair:1   | Reached skill level 13 in Conjurations
 18350 | Lair:1   | Noticed a four-headed hydra
 18353 | Lair:1   | Killed a four-headed hydra
 18830 | Lair:1   | Identified the +7 spear of Bopsimyl {venom, Int+3}
 19081 | Lair:2   | Noticed a four-headed hydra
 19085 | Lair:2   | Killed a four-headed hydra
 19359 | Lair:2   | Found a staircase to the Swamp.
 19525 | Lair:2   | Reached skill level 5 in Evocations
 19546 | Lair:2   | Gained mutation: You regenerate magic rapidly. [demonic
                  | ancestry]
 19546 | Lair:2   | Reached XP level 13. HP: 89/89 MP: 10/27
 20367 | Lair:3   | Noticed Gastronok
 20437 | Lair:3   | Killed Gastronok
 20581 | Lair:3   | Received a gift from Sif Muna
 20582 | Lair:3   | Got Sif Muna's Tome of Feathery Attacks {god gift}
 20838 | Lair:3   | Reached skill level 1 in Fire Magic
 20839 | Lair:3   | Reached skill level 14 in Conjurations
 20986 | Lair:3   | Noticed Sonja
 20989 | Lair:3   | Killed Sonja
 21522 | Lair:4   | Found a hole to the Spider Nest.
 21542 | Lair:4   | Noticed Urug
 21547 | Lair:4   | Killed Urug
 23037 | Lair:5   | Got the Reference Book on Earthen Contamination
 23044 | Lair:5   | Learned a level 5 spell: Lee's Rapid Deconstruction
 23178 | Lair:5   | Gained mutation: A meltable icy envelope protects you from
                  | harm. (AC +8) [demonic ancestry]
 23178 | Lair:5   | Reached XP level 14. HP: 89/96 MP: 27/29
 23697 | Lair:6   | Entered Level 6 of the Lair of Beasts
 23704 | Lair:6   | Reached skill level 15 in Conjurations
 23812 | Lair:6   | Received a gift from Sif Muna
 23813 | Lair:6   | Got Sif Muna's Incunabulum of Supportive Stolen Souls {god
                  | gift}
 24313 | Lair:6   | Found a runed translucent door.
 24314 | Lair:6   | Found a viscous altar of Jiyva.
 24316 | Lair:6   | Found a staircase to the Slime Pits.
 25116 | Lair:6   | Found a corrupted altar of Lugonu.
 25116 | Lair:6   | Found a one-way gate to the infinite horrors of the Abyss.
 25169 | Lair:6   | Reached skill level 16 in Conjurations
 25788 | D:12     | Learned a level 6 spell: Starburst
 26083 | Orc:1    | Killed an orc warlord
 26253 | Orc:1    | Received a gift from Sif Muna
 26254 | Orc:1    | Got Sif Muna's Collected Works on Dark Secrets and the
                  | Mountains {god gift}
 26260 | Orc:1    | Learned a level 4 spell: Leda's Liquefaction
 26383 | Orc:1    | You are sucked into a shaft and drop 1 floor!
 26383 | Orc:2    | Entered Level 2 of the Orcish Mines
 26383 | Orc:2    | Found a staircase to the Elven Halls.
 26507 | Orc:1    | Found Venuplepp's Magic Scroll Emporium.
 26531 | Orc:1    | Bought a scroll of blinking for 135 gold pieces
 26766 | Orc:2    | Gained mutation: Your touch may irresistibly damage your
                  | foes and sap their willpower. [demonic ancestry]
 26766 | Orc:2    | Reached XP level 15. HP: 101/101 MP: 32/32
 26775 | Orc:2    | Reached skill level 10 in Earth Magic
 26962 | Orc:2    | Noticed an orc warlord
 27005 | Orc:2    | Received a gift from Sif Muna
 27006 | Orc:2    | Got Sif Muna's Reference Book on Orientation {god gift}
 27469 | Orc:2    | Killed an orc warlord
 27723 | Orc:2    | Reached skill level 17 in Conjurations
 27777 | Orc:2    | Found Momam's Antique Armour Boutique.
 27787 | Orc:2    | Found Zourphopt's Antique Weapon Boutique.
 27789 | Orc:2    | Found Xuimoas's General Store.
 27789 | Orc:2    | Found Mev Gest's Book Shop.
 27807 | Orc:2    | Bought a transparent ring mail for 297 gold pieces
 27807 | Orc:2    | Identified the +2 ring mail of Okawaru's Condemnation
                  | {Rampage rN++ Str-2 SInv} (You bought it in a shop on level
                  | 2 of the Orcish Mines)
 28182 | D:13     | Identified the +4 ring mail of Old and Reckless {Fly rN+++
                  | Str+2 Stlth-}
 28489 | D:13     | Found a runed translucent door.
 28621 | D:13     | Found a gate to the Vaults.
 29425 | D:14     | Noticed Snorg
 29429 | D:14     | Killed Snorg
 29435 | D:14     | Noticed Agnes
 29520 | D:14     | Received a gift from Sif Muna
 29557 | D:14     | Learned a level 5 spell: Borgnjor's Vile Clutch
 29587 | D:14     | Found a runed translucent door.
 29590 | D:14     | Noticed Pesafeac's ghost (journeyman OpCj)
 29590 | D:14     | Identified the +9 spear "Xoalal" {flame, rF+ Str+5}
 29636 | D:14     | Acquired 468 gold pieces
 29751 | D:14     | Noticed Nessos
 29811 | D:14     | Found Opnopoic's General Store.
 29817 | D:14     | Bought a scroll of acquirement for 780 gold pieces
 29817 | D:14     | Acquired a ring of poison resistance
 29925 | D:14     | Killed Nessos
 30007 | D:14     | Found a shimmering altar of Xom.
 30123 | D:14     | Killed Agnes
 30609 | D:14     | Killed Pesafeac's ghost
 30750 | D:15     | Entered Level 15 of the Dungeon
 30759 | D:15     | Reached skill level 18 in Conjurations
 30832 | D:15     | Reached XP level 16. HP: 84/108 MP: 19/34
 30967 | D:15     | Received a gift from Sif Muna
 30968 | D:15     | Got Sif Muna's Collected Works on Bewitching Flames {god
                  | gift}
 31041 | D:15     | Found a staircase to the Depths.
 31878 | Swamp:1  | Entered Level 1 of the Swamp
 32644 | Swamp:2  | Noticed Louise
 32649 | Swamp:2  | Killed Louise
 32650 | Swamp:2  | Reached skill level 19 in Conjurations
 32781 | Swamp:2  | Reached skill level 5 in Armour
 33161 | Swamp:3  | Reached skill level 15 in Spellcasting
 33291 | Swamp:3  | Reached ****** piety under Sif Muna
 33397 | Swamp:3  | Found the +7 pair of quick blades "Gyre" and "Gimble"
                  | {protect}
 33405 | Swamp:3  | Received a gift from Sif Muna
 33406 | Swamp:3  | Got Hyrridy's Disquisition on Excruciating Cold {god gift}
 33494 | Swamp:3  | Noticed a thorn hunter
 33500 | Swamp:3  | Reached skill level 5 in Fire Magic
 33518 | Swamp:3  | Killed a thorn hunter
 33721 | Swamp:4  | Entered Level 4 of the Swamp
 34048 | Swamp:4  | Gained mutation: When hurt, damage is shared between your
                  | health and your magic reserves. [demonic ancestry]
 34048 | Swamp:4  | Reached XP level 17. HP: 109/113 MP: 34/36
 34458 | Swamp:4  | Reached skill level 20 in Conjurations
 34816 | Swamp:4  | Got a decaying rune of Zot
 34993 | Spider:1 | Entered Level 1 of the Spider Nest
 35187 | Spider:1 | Received a gift from Sif Muna
 35384 | Spider:1 | Got Ecohoen's Disquisition on Scorching Lightness {god
                  | gift}
 35416 | Spider:1 | Noticed Donald
 35424 | Spider:1 | Killed Donald
 35925 | Spider:1 | Identified the +9 falchion "rogsnak's Doom" {flame, Str+2}
 37500 | Spider:2 | Received a gift from Sif Muna
 38014 | Spider:2 | Learned a level 1 spell: Shock
 38354 | Spider:3 | Identified Roxanne's Catalogue of Earth
 38354 | Spider:3 | Noticed Roxanne
 38359 | Spider:3 | Killed Roxanne
 38707 | Spider:3 | Reached skill level 21 in Conjurations
 38869 | Spider:3 | Reached XP level 18. HP: 120/120 MP: 36/38
 39132 | Spider:3 | Received a gift from Sif Muna
 39135 | Spider:3 | Got Zawuekam's Incunabulum of Conjuration {god gift}
 39592 | Spider:4 | Entered Level 4 of the Spider Nest
 39595 | Spider:4 | Reached skill level 5 in Fighting
 40941 | Spider:4 | Received a gift from Sif Muna
 41099 | Spider:4 | Got Sif Muna's Guide on Burning Envenoming {god gift}
 42102 | Spider:4 | Got a gossamer rune of Zot
 42458 | Elf:1    | Entered Level 1 of the Elven Halls
 42479 | Elf:1    | Reached skill level 22 in Conjurations
 42562 | Elf:1    | Found Foident's Armour Boutique.
 42624 | Elf:1    | Found Kolotej's Magic Scroll Shop.
 42628 | Elf:1    | Bought a scroll of blinking for 97 gold pieces
 42753 | Elf:1    | Reached skill level 1 in Invocations
 42773 | Elf:1    | Found Okopakk's General Store.
 42791 | Elf:1    | Paralysed by an air elemental for 1 turns
 42888 | Elf:1    | Received a gift from Sif Muna
 42929 | Elf:1    | Got Sezookipt's Handbook of Damaging Malediction {god gift}
 43067 | Elf:1    | Acquired the +1 buckler "Upsyus" {rPois rCorr SInv}
 43210 | Elf:1    | Found Febe's Antique Armour Shop.
 43665 | Elf:2    | Found Imezoph's Jewellery Shoppe.
 43673 | Elf:2    | Reached XP level 19. HP: 126/126 MP: 29/40
 44014 | Elf:2    | Found a runed translucent gate.
 44015 | Elf:2    | Found a runed translucent gate.
 44015 | Elf:2    | Found a runed translucent gate.
 44954 | Elf:3    | Entered Level 3 of the Elven Halls
 45161 | Elf:3    | Received a gift from Sif Muna
 45166 | Elf:3    | Got Sif Muna's Volume of Unholy Secrets and the Compass
                  | {god gift}
 45625 | Elf:3    | Reached skill level 1 in Air Magic
 45734 | Elf:3    | Reached skill level 23 in Conjurations
 46344 | Elf:3    | Identified the +2 hand axe "Kess" {flame, Int+6 Dex+3}
 46344 | Elf:3    | Identified the amulet of the Sky {Acrobat rC+}
 46353 | Elf:3    | Identified the +2 morningstar of Trial by Ordeal {freeze,
                  | *Noise MP-9 Dex+5}
 46521 | Elf:3    | Identified the +7 hand axe "Wobazez" {flame, rCorr Int+6}
 46521 | Elf:3    | Identified the ring "Zung" {rN+ MP+9 Str+2}
 46576 | Elf:3    | Found the +8 storm bow {elec, penet}
 46580 | Elf:3    | Identified the +7 battleaxe "Impbane" {vorpal, rN+ Str+3}
 46590 | Elf:3    | Identified the +11 whip of the Dark Horse {venom, Contam
                  | Will++ Str+3 Stlth+}
 46840 | D:11     | Bought a polished flail for 229 gold pieces
 46840 | D:11     | Identified the +6 flail of Oraygoath {vamp, *Corrode rC+
                  | SInv} (You bought it in a shop on level 11 of the Dungeon)
 46840 | D:11     | Bought a smoking trident for 229 gold pieces
 46840 | D:11     | Identified the +5 trident "Lucs" {vorpal, Int+3} (You
                  | bought it in a shop on level 11 of the Dungeon)
 46909 | Vaults:1 | Entered Level 1 of the Vaults
 46918 | Vaults:1 | Learned a level 7 spell: Spellforged Servitor
 46974 | Vaults:1 | Reached XP level 20. HP: 92/133 MP: 11/42
 47272 | Vaults:1 | Received a gift from Sif Muna
 48126 | Vaults:1 | Received a gift from Sif Muna
 49147 | Vaults:2 | Found Foramaymm's Armour Shoppe.
 49238 | Vaults:2 | Reached skill level 24 in Conjurations
 49318 | Vaults:2 | Found a portal to a secret trove of treasure.
 49689 | Vaults:2 | Learned a level 2 spell: Blink
 49779 | Vaults:2 | Received a gift from Sif Muna
 50348 | Vaults:3 | Found a staircase to the Crypt.
 50988 | Vaults:3 | You are sucked into a shaft and drop 1 floor!
 51018 | Vaults:4 | Reached XP level 21. HP: 50/138 MP: 8/44
 51018 | Vaults:4 | Received a gift from Sif Muna
 51525 | Vaults:3 | Reached skill level 15 in Earth Magic
 52107 | Vaults:4 | Paralysed by a sphinx for 2 turns
 52315 | Vaults:4 | Noticed Bai Suzhen
 52342 | Vaults:4 | Killed Bai Suzhen
 52626 | Vaults:4 | Noticed Boris
 52633 | Vaults:4 | Killed Boris
 52848 | Vaults:4 | Received a gift from Sif Muna
 52851 | Vaults:4 | Got Sif Muna's Intricacies of Witchery {god gift}
 53063 | Vaults:4 | Reached skill level 25 in Conjurations
 53610 | Depths:1 | Entered Level 1 of the Depths
 53688 | Depths:1 | Found Yromiol's Book Shoppe.
 53688 | Depths:1 | Found Agoe's Armour Emporium.
 53691 | Depths:1 | Found Umetoes's Antique Armour Shoppe.
 53732 | Depths:1 | Bought a pair of dazzling boots for 228 gold pieces
 53732 | Depths:1 | Identified the +0 pair of boots of the Wild Haggis {Contam
                  | rPois rC+ Str+5} (You bought it in a shop on level 1 of the
                  | Depths)
 53938 | Depths:1 | Reached skill level 1 in Summonings
 54252 | Depths:1 | Found a gateway to Hell.
 54328 | Depths:1 | Found Owetimeo's Antique Weapon Emporium.
 54719 | Depths:2 | Found Yrikhlym's Book Shop.
 55059 | Depths:2 | Identified the +4 ring mail of the Wilderness {Rampage
                  | rC+++ Will- Dex+2}
 55453 | Depths:2 | Found a sparkling altar of Nemelex Xobeh.
 55554 | Depths:2 | Found a one-way gate leading to the halls of Pandemonium.
 55567 | Depths:2 | Gained mutation: You are robust. (+10% HP) [demonic
                  | ancestry]
 55567 | Depths:2 | Reached XP level 22. HP: 123/159 MP: 7/46
 55974 | Depths:3 | Identified the +6 war axe "Vilobo" {vorpal, Int+4}
 56044 | Depths:3 | Received a gift from Sif Muna
 56117 | Depths:3 | Noticed Saint Roka
 56131 | Depths:3 | Killed Saint Roka
 56206 | Depths:3 | Identified the +2 halberd "Suash" {pain, MP+9 Str+4}
 56585 | Depths:3 | Found a corrupted altar of Lugonu.
 56788 | Depths:3 | You are sucked into a shaft and drop 1 floor!
 56788 | Depths:4 | Entered Level 4 of the Depths
 57463 | Depths:4 | Noticed a golden dragon
 57469 | Depths:4 | Killed a golden dragon
 57494 | Depths:4 | Received a gift from Sif Muna
 57840 | Depths:4 | Noticed a golden dragon
 57848 | Depths:4 | Killed a golden dragon
 57897 | Depths:4 | Found a gate to the Realm of Zot.
 58092 | Depths:4 | Found a one-way gateway to a ziggurat.
 59073 | Vaults:5 | Entered Level 5 of the Vaults
 59076 | Vaults:5 | Reached skill level 26 in Conjurations
 59427 | Vaults:5 | Received a gift from Sif Muna
 59428 | Vaults:5 | Gained mutation: You are very robust. (+20% HP) [demonic
                  | ancestry]
 59428 | Vaults:5 | Reached XP level 23. HP: 134/180 MP: 23/48
 59430 | Vaults:5 | Got Sif Muna's Guide on the Blistering Rocks {god gift}
 59641 | Vaults:5 | Noticed an ancient lich
 59644 | Vaults:5 | Killed an ancient lich
 59758 | Vaults:5 | Found Celeum's Distillery.
 59765 | Vaults:5 | Found Abuvit's Distillery.
 59784 | Vaults:5 | Got a silver rune of Zot
 59841 | Vaults:5 | Bought a potion of heal wounds for 90 gold pieces
 59841 | Vaults:5 | Bought a potion of heal wounds for 90 gold pieces
 59841 | Vaults:5 | Bought a potion of magic for 144 gold pieces
 59841 | Vaults:5 | Gained mutation: You do not regenerate when monsters are
                  | visible. [potion of mutation]
 59841 | Vaults:5 | Gained mutation: You are clumsy. (Dex -2) [potion of
                  | mutation]
 59841 | Vaults:5 | Gained mutation: You have a pair of small horns on your
                  | head. [potion of mutation]
 59842 | Vaults:5 | Lost mutation: You have a pair of small horns on your head.
                  | [potion of mutation]
 59842 | Vaults:5 | Lost mutation: You are clumsy. (Dex -2) [potion of
                  | mutation]
 59842 | Vaults:5 | Gained mutation: Your body sometimes deteriorates upon
                  | taking damage. [potion of mutation]
 59842 | Vaults:5 | Gained mutation: Your mind is acute. (Int +2) [potion of
                  | mutation]
 59842 | Vaults:5 | Gained mutation: You have a pair of small antennae on your
                  | head. [potion of mutation]
 59843 | Vaults:5 | Lost mutation: Your mind is acute. (Int +2) [potion of
                  | mutation]
 59843 | Vaults:5 | Lost mutation: Your body sometimes deteriorates upon taking
                  | damage. [potion of mutation]
 59843 | Vaults:5 | Gained mutation: You are clumsy. (Dex -2) [potion of
                  | mutation]
 59843 | Vaults:5 | Gained mutation: You expend magic power (3 MP) to
                  | strengthen your wands. [potion of mutation]
 59843 | Vaults:5 | Gained mutation: Your spells are a little harder to cast,
                  | but a little more powerful. [potion of mutation]
 59843 | Vaults:5 | Lost mutation: You are clumsy. (Dex -2) [potion of
                  | mutation]
 59844 | Vaults:5 | Lost mutation: Your spells are a little harder to cast, but
                  | a little more powerful. [potion of mutation]
 59844 | Vaults:5 | Lost mutation: You expend magic power (3 MP) to strengthen
                  | your wands. [potion of mutation]
 59844 | Vaults:5 | Lost mutation: You do not regenerate when monsters are
                  | visible. [potion of mutation]
 59844 | Vaults:5 | Gained mutation: Your system is resistant to poisons.
                  | (rPois) [potion of mutation]
 59844 | Vaults:5 | Gained mutation: You have hidden genetic defects. [potion
                  | of mutation]
 59844 | Vaults:5 | Gained mutation: You have terrible hidden genetic defects.
                  | [potion of mutation]
 59844 | Vaults:5 | Gained mutation: Your flesh is cold resistant. (rC+)
                  | [potion of mutation]
 59845 | Vaults:5 | Bought a potion of mutation for 144 gold pieces
 59845 | Vaults:5 | Bought a potion of mutation for 144 gold pieces
 59852 | Vaults:5 | Found Zaep's Distillery.
 59852 | Vaults:5 | Found Usuoh's Distillery.
 59857 | Vaults:5 | Bought 2 potions of mutation for 192 gold pieces
 59904 | Vaults:5 | Found Ziutycaw's Jewellery Shoppe.
 59945 | Vaults:5 | Noticed a dread lich
 59967 | Vaults:5 | Killed a dread lich
 60337 | Vaults:5 | Found Owetimeo's Weapon Boutique.
 60349 | Vaults:5 | Found Ezaorapi's Jewellery Emporium.
 60629 | Vaults:5 | Received a gift from Sif Muna
 60825 | Vaults:5 | Found Zosan's Jewellery Shoppe.
 60881 | Vaults:5 | Bought the ring of the Mage {Wiz Archmagi} for 1020 gold
                  | pieces
 60881 | Vaults:5 | Found the ring of the Mage {Wiz Archmagi}
 61205 | Zot:1    | Entered Level 1 of the Realm of Zot
 61230 | Zot:1    | Gained mutation: You sometimes lose the ability to read
                  | scrolls when taking damage. [hidden defects]
 61231 | Zot:1    | Lost mutation: You sometimes lose the ability to read
                  | scrolls when taking damage. [potion of mutation]
 61231 | Zot:1    | Lost mutation: You have terrible hidden genetic defects.
                  | [potion of mutation]
 61231 | Zot:1    | Lost mutation: You have hidden genetic defects. [potion of
                  | mutation]
 61440 | Zot:1    | Reached skill level 5 in Summonings
 62155 | Zot:1    | Reached skill level 27 in Conjurations
 62200 | Zot:1    | Received a gift from Sif Muna
 62259 | Zot:1    | Gained mutation: A meltable icy envelope protects you from
                  | harm. (AC +8) [demonic ancestry]
 62259 | Zot:1    | Reached XP level 24. HP: 93/187 MP: 2/49
 62454 | Zot:2    | Found a transporter.
 62483 | Zot:2    | Noticed Ytolar's ghost (legendary DsFi)
 62485 | Zot:2    | Noticed Robrejig's ghost (legendary DsFi)
 62487 | Zot:2    | Noticed Robrejig's ghost (legendary DsFi)
 62489 | Zot:2    | Noticed an orb of fire
 62694 | Zot:2    | Found a transporter.
 63732 | Vaults:2 | You paid a toll of +2 storm dragon scales to enter a
                  | treasure trove
 63733 | Trove    | Entered a treasure trove
 63740 | Trove    | Identified the +0 pair of boots of the Stone Wall {*Corrode
                  | +Blink Stlth+}
 63749 | Trove    | Identified the ring "Joroa" {Ice Dex+6 Stlth-}
 63757 | Trove    | Identified the amulet "Acwiusen" {Reflect *Corrode Str+7
                  | Slay-4 SH+5}
 63764 | Trove    | Identified the amulet of Impatience {Regen+ Str+6}
 64497 | Zot:3    | HP: 1/188 [black draconian/bolt of lightning (19)]
 64890 | Zot:3    | Received a gift from Sif Muna
 65587 | Zot:4    | Annihilated by a golden dragon

Illustrated notes

Levels and vault maps discovered:
D:1:      arrival_aquarium_a, layout_basic, serial_shops, shop,
          minmay_tetromino_l4
D:2:      layout_basic, dreamdust_ecumenical_altar_grove, uniq_jessica
D:3:      layout_loops_ring, uniq_ijyb, uniq_terence
D:4:      minmay_chambers_of_twos, layout_rooms, lemuel_blue_sif_altar,
          nicolae_yredelemnul_ghost_church,
          nicolae_gozag_cash_rules_everything_around_me,
          nicolae_elyvilon_temple_path, nicolae_tso_besieged_by_evil
D:5:      layout_cave_pods, mainiacjoe_overflow_brackets,
          nicolae_ashenzari_skybound, minmay_temple_entry_offerings,
          minivault_27, nicolae_shop_sticking_my_neck_out, uniq_edmund
D:6:      layout_basic, tgw_kikubaaqudgha, gup_sewer_entry_pipe,
          uniq_prince_ribbit1
D:7:      layout_basic, mainiacjoe_overflow_catwalk_spiral, okawaru_trees_1,
          hellmonk_guarded_unrand_vitality_bloodlust
D:8:      layout_loops_ring, nicolae_qazlal_general_emergency
D:9:      layout_roguey
D:10:     layout_basic, minmay_lair_entry_grove
D:11:     kennysheep_blocky_hall, layout_basic, serial_shops, shop,
          gauntlet_entry_generic
D:12:     layout_basic, erik_orc_4, worms_lemuel
D:13:     cheibrodos_shockbox, layout_cave_pods, ximxim_vaults_locker_room
D:14:     layout_stronghold, serial_column_ruins, column_ruins_square_medium,
          column_ruins_circle_small, column_ruins_open_tiny,
          column_ruins_open_medium, column_ruins_grid_1,
          column_ruins_open_small, column_ruins_open_tiny, serial_shops,
          nicolae_shop_crystal, minmay_staircase_statues_hall_large,
          ebering_ghost_funeral_grove, tgw_xom, uniq_snorg, uniq_agnes,
          uniq_nessos
D:15:     hangedman_depths_entry_civil_slaughter, layout_irregular_city,
          minmay_misc_feat_cross
Lair:1:   layout_cave_pods, grunt_megastairs_3
Lair:2:   layout_cave_pods, minmay_swamp_entry_reptiles, lemuel_fruit_tree
Lair:3:   layout_gridlike, grunt_megastairs_2, uniq_gastronok, uniq_sonja
Lair:4:   layout_layer_cave, dummy_spider_entry, uniq_urug
Lair:5:   layout_cave_pods, nicolae_lair_yak_garden
Lair:6:   hellmonk_lair_end_abyssal_woods, layout_hall_layers, slime_altar_2,
          st_stairs_10, grunt_megastairs_1, serial_bayou_shore_a
Swamp:1:  layout_basic_swamp, nicolae_swamp_fairy_circle,
          infiniplex_staircase_pool_2
Swamp:2:  layout_basic_swamp, hangedman_swamp_ruin_wall, swamp_pool1,
          uniq_louise
Swamp:3:  layout_basic_swamp, evilmike_swamp_ruin_house_4
Swamp:4:  swamp_icy, layout_basic_swamp, swamp_pool1, nicolae_swamp_bunyip_nook
Spider:1: layout_cave_pods, nicolae_spider_rock_and_or_roll, uniq_donald
Spider:2: layout_spider_delve
Spider:3: layout_spider_delve, uniq_roxanne
Spider:4: floodkiller_spider_rune_tomb
Orc:1:    layout_diamond_mine, serial_shops, nicolae_shop_advertising_works
          [nicolae_subvault_shop_adworks], hellmonk_bongcloud_opening
Orc:2:    st_orc_congregation, layout_caves
Elf:1:    eino_elf_arrival_customs, layout_geoelf_octagon, serial_shops,
          nicolae_take_the_stairs, nicolae_shop_behind_doors,
          nicolae_shop_waterfront, shop, evilmike_minifort
Elf:2:    nicolae_elf_blades_crystal_corner, layout_gridlike, serial_shops, shop
Elf:3:    minmay_elf_hall_circle, layout_geoelf_octagon
Vaults:1: hangedman_vaults_river_flow, v_pattern_3, v_misc_16,
          grunt_vaults_swirl, nicolae_vaults_border_crossing,
          hangedman_vaults_stagger, vaults_room_corners,
          nicolae_vaults_specimen_jars, vaults_room_stairs_pillars,
          layout_vaults_chaotic_city
Vaults:2: nicolae_vaults_know_your_exits, nicolae_vaults_diagonal_hallway_7,
          hangedman_vaults_corner_blocks, ontoclasm_vaults_twist,
          vaults_room_boxed, v_rooms_4, nicolae_vaults_little_squares_6,
          hangedman_vaults_capsules, vaults_room_semicircle,
          nicolae_vaults_little_squares_6, layout_vaults_maze_bifur,
          nicolae_trove_entry_crossroad, serial_shops, nicolae_lakefront_shop
Vaults:3: v_rooms_4, nicolae_vaults_disjoint_gnomons,
          minmay_crypt_entry_simple_round, hangedman_vaults_nails,
          nicolae_vaults_statue_guard, nicolae_vaults_puzzle_piece,
          hangedman_vaults_maws, nicolae_vaults_mini_display_case,
          layout_vaults_omnigrid
Vaults:4: ontoclasm_vaults_loading_screen, nicolae_vaults_little_squares_1,
          v_misc_32, v_misc_12, v_pattern_5, hangedman_vaults_stream, v_misc_9,
          vaults_room_door_ring, nicolae_vaults_ninety_degrees,
          vaults_room_stairs_pillars, layout_vaults_ring, uniq_boris,
          uniq_bai_suzhen
Vaults:5: serial_shops
Depths:1: layout_roguey, serial_shops, shop, kennysheep_flooded_box, hell_entry,
          kennysheep_two_boxes, kennysheep_random_hallway, serial_bayou_shore_b,
          serial_bayou_shore_b, minmay_shop_star, serial_bayou_shore_b
Depths:2: grunt_double_whammy, layout_long_grid, hell_entry, serial_shops,
          nicolae_shop_statue_plus, grunt_pan_entry_zigzag,
          nemelex_diamond_rough_becter, infiniplex_staircase_diamond
Depths:3: abrahamwl_protected_by_tso_3, layout_honeycomb,
          pf_hell_entry_tar_river, abyss_entry_flame_altar,
          infiniplex_staircase_river, uniq_saint_roka
Depths:4: grunt_zot_entry_alcove, layout_gridlike, enter_ziggurat_e,
          serial_bayou_pond_b, grunt_hell_entry_dis_mu, rand_demon_pan_entry_9,
          hangedman_decor_growths
Zot:1:    layout_gridlike, grunt_megastairs_4
Zot:2:    layout_onion_interference, nzn_ghost_randoct
Zot:3:    kennysheep_spiral_hall, layout_gridlike
Zot:4:    kennysheep_room_grid, layout_misc_corridors

Skill      XL: |  1  2  3  4  5  6  7  8  9 10 11 12 13 14 15 16 17 18 19 20 21 22 23 24 |
---------------+-------------------------------------------------------------------------+-----
Earth Magic    | 3 4 6 7 8 9 10 11 12 13 14 15 16 17 18 | 18.7
Dodging        | 2 3 4 5 6 7 |  7.4
Short Blades   | 1 |  1.6
Fighting       | 1 2 3 4 5 |  5.6
Conjurations   | 1 2 3 5 7 10 11 13 14 16 18 19 21 22 23 24 25 26 27 | 27.0
Spellcasting   | 3 4 6 8 9 10 11 13 14 15 16 17 18 19 20 21 22 23 | 23.0
Armour         | 2 3 4 5 6 |  6.8
Shields        | 1 2 3 4 |  4.7
Evocations     | 2 5 6 7 |  7.0
Polearms       | 1 |  1.0
Fire Magic     | 2 3 4 5 6 7 |  7.0
Stealth        | 2 |  2.0
Invocations    | 2 |  2.0
Air Magic      | 1 2 |  2.8
Summonings     | 2 3 5 |  5.7
Necromancy     | |  0.2
Translocations | |  0.5
Transmutations | |  0.8

Action                   |  1- 3 |  4- 6 |  7- 9 | 10-12 | 13-15 | 16-18 | 19-21 | 22-24 || total
-------------------------+-------+-------+-------+-------+-------+-------+-------+-------++-------
Melee: Unarmed           |    47 |       |       |       |       |       |       |       ||    47
       Dagger            |   148 |    63 |       |       |       |       |       |       ||   211
       Punch             |     4 |     2 |     3 |     1 |       |       |       |       ||    10
       Touch             |    18 |    18 |    54 |     6 |       |     1 |       |       ||    97
       Short sword       |       |    61 |    27 |       |       |       |       |       ||    88
       Flail             |       |       |   185 |       |       |       |       |       ||   185
       Staff             |       |       |    40 |    26 |     9 |    12 |    10 |     8 ||   105
       Spear             |       |       |       |    22 |       |       |       |       ||    22
 Cast: Sandblast         |     9 |    17 |    16 |     4 |       |       |       |       ||    46
       Stone Arrow       |       |       |   117 |   285 |   403 |   360 |    76 |     3 ||  1244
       Iskenderun's Batt |       |       |     4 |    98 |   137 |   154 |   155 |    98 ||   646
       Fireball          |       |       |       |     6 |    94 |   170 |    99 |    59 ||   428
       Iron Shot         |       |       |       |       |   111 |   231 |   381 |   362 ||  1085
       Lee's Rapid Decon |       |       |       |       |     2 |    14 |    62 |    30 ||   108
       Starburst         |       |       |       |       |       |     7 |     3 |     3 ||    13
       Shock             |       |       |       |       |       |       |    95 |    66 ||   161
       Spellforged Servi |       |       |       |       |       |       |    40 |   109 ||   149
       Blink             |       |       |       |       |       |       |       |     1 ||     1
       Borgnjor's Vile C |       |       |       |       |       |       |       |     1 ||     1
Invok: Channel Magic     |       |       |       |       |       |     1 |     1 |       ||     2
Evoke: Wand              |       |       |       |     4 |       |       |       |     4 ||     8
       Tin of tremorston |       |       |       |     1 |       |       |     1 |     2 ||     4
  Use: Scroll            |       |     1 |       |    23 |     6 |    13 |     3 |     9 ||    55
       Potion            |       |       |       |     1 |     5 |     7 |     2 |    12 ||    27
 Stab: Sleeping          |     1 |     1 |     2 |       |       |       |     1 |       ||     5
Armor: Robe              |    69 |    17 |       |       |       |       |     5 |       ||    91
       Troll leather arm |       |    20 |    84 |    80 |    41 |    13 |    24 |    43 ||   305
       Swamp dragon scal |       |       |       |       |       |   164 |       |       ||   164
Dodge: Dodged            |   160 |    65 |   191 |   150 |    80 |   181 |    69 |   103 ||   999
       Repelled          |       |       |       |     5 |     4 |    10 |     2 |       ||    21
Block: Other             |       |     9 |    50 |    38 |    25 |    54 |       |       ||   176
       Orb               |       |       |       |     3 |     1 |       |       |       ||     4
       Buckler           |       |       |       |       |       |       |    74 |    63 ||   137

Table legend: (Time is in decaauts)
 A = Elapsed time spent in this place.
 B = Non-inter-level travel time spent in this place.
 C = Inter-level travel time spent in this place.
 D = Time resting spent in this place.
 E = Time spent auto-exploring this place.
 F = Levels seen in this place.
 G = Mean time per level.
                   A        B        C        D        E       F      G
               +--------+--------+--------+--------+--------+-----+--------+
         Total |  65845 |  62378 |   3467 |  14643 |  27573 |  51 | 1291.1 |
       Dungeon |  20487 |  19369 |   1118 |   4111 |  10248 |  15 | 1365.8 |
          Lair |   9019 |   8584 |    435 |   1681 |   5459 |   6 | 1503.2 |
         Swamp |   3035 |   2938 |     97 |    542 |   1312 |   4 |  758.8 |
   Spider Nest |   6712 |   6361 |    351 |   2449 |   2007 |   4 | 1678.0 |
  Orcish Mines |   2150 |   2047 |    103 |    355 |    937 |   2 | 1075.0 |
   Elven Halls |   4331 |   4052 |    279 |   1072 |    764 |   3 | 1443.7 |
        Vaults |   8827 |   8289 |    538 |   1909 |   2578 |   5 | 1765.4 |
        Depths |   5457 |   5145 |    312 |    870 |   2776 |   4 | 1364.2 |
           Zot |   3983 |   3752 |    231 |    852 |   1465 |   4 |  995.8 |
         Abyss |    598 |    598 |      0 |    363 |      0 |   1 |  598.0 |
         Trove |     52 |     52 |      0 |      0 |      0 |   1 |   52.0 |
         Sewer |    255 |    255 |      0 |     79 |     27 |   1 |  255.0 |
      Gauntlet |    934 |    934 |      0 |    359 |      0 |   1 |  934.0 |
               +--------+--------+--------+--------+--------+-----+--------+

Top non-repeatable levels by time:
Spider:4: 2514 daAuts
    D:10: 2141 daAuts
  Lair:4: 2057 daAuts
Vaults:1: 1982 daAuts
Vaults:3: 1796 daAuts
Vaults:5: 1785 daAuts
Spider:1: 1756 daAuts
   Elf:3: 1737 daAuts
    D:13: 1711 daAuts
  Lair:6: 1709 daAuts
     D:5: 1676 daAuts
    D:12: 1670 daAuts
   Zot:3: 1658 daAuts
  Lair:2: 1655 daAuts
Vaults:4: 1639 daAuts
